 Dungeon Crawl Stone Soup version 0.28.0-53-g5a82cb258f (webtiles) character file.

Game seed: 16154355617526693354

27525 cbfl8 the Severer (level 13, -2/111 HPs)
             Began as a Minotaur Fighter on July 20, 2022.
             Was a Priest of Hepliaklqana.
             Shot with an arrow by Nessos (16 damage)
             ... on level 12 of the Dungeon.
             The game lasted 00:31:25 (12033 turns).

cbfl8 the Severer (Minotaur Fighter)               Turns: 12033, Time: 00:31:25

Health: -2/111     AC: 25    Str: 21    XL:     13   Next: 4%
Magic:  12/12      EV:  5    Int: 11    God:    Hepliaklqana [***...]
Gold:   869        SH:  0    Dex: 15    Spells: 12/12 levels left

rFire   . . .      SeeInvis .   P - +0 battleaxe
rCold   + . .      Faith    .   (shield currently unavailable)
rNeg    . . .      Spirit   .   W - +2 crystal plate armour {rC+}
rPois   .          Reflect  .   (helmet restricted)
rElec   .          Harm     .   w - +0 cloak
rCorr   .          Rampage  .   J - +0 pair of gloves
Will    .....                   (no boots)
Stlth   ..........              l - amulet of regeneration
HPRegen 1.08/turn               i - +6 ring of intelligence
MPRegen 0.13/turn               r - ring of flight

@: lethally poisoned (-2 -> -42), about to teleport, flying, studying 2 skills
A: reduced essence, horns 2, retaliatory headbutt
a: Renounce Religion, Recall Ancestor, Ancestor Identity, Transference


You were on level 12 of the Dungeon.
You worshipped Hepliaklqana.
Hepliaklqana was most pleased with you.
You visited 2 branches of the dungeon, and saw 13 of its levels.
You also visited: Ice Cave.

You collected 897 gold pieces.
You spent 28 gold pieces at shops.

Inventory:

Hand Weapons
 P - a +0 battleaxe (weapon)
Missiles
 a - 2 throwing nets
Armour
 s - a +3 chain mail of positive energy
 w - a +0 cloak (worn)
 J - a +0 pair of gloves (worn)
 T - a +2 buckler
 W - a +2 crystal plate armour of cold resistance (worn)
Jewellery
 f - a ring of fire
 i - a +6 ring of intelligence (left hand)
 l - an amulet of regeneration (around neck)
 r - a ring of flight (right hand)
 y - a ring of magical power
Wands
 F - a wand of charming (7)
 K - a wand of iceblast (6) (quivered)
 Q - a wand of polymorph (1)
Scrolls
 j - 4 scrolls of fog
 k - 3 scrolls of teleportation
 n - 5 scrolls of vulnerability
 p - a scroll of brand weapon {unknown}
 z - a scroll of summoning {unknown}
 C - 2 scrolls of amnesia {unknown}
 D - a scroll of magic mapping
 I - a scroll of immolation {unknown}
 M - a scroll of blinking {unknown}
 R - a scroll of holy word {unknown}
Potions
 g - 3 potions of brilliance
 q - a potion of lignification
 x - a potion of degeneration {unknown}
 B - 4 potions of haste
 G - a potion of cancellation {unknown}
 L - a potion of ambrosia {unknown}
 O - 4 potions of flight {unknown}


   Skills:
 * Level 14.0 Fighting
 + Level 15.7 Axes
 + Level 10.9 Armour
 + Level 3.0 Dodging
 + Level 0.8 Stealth
 + Level 7.1 Shields
 * Level 8.6 Evocations


You had 12 spell levels left.
You didn't know any spells.
Your spell library contained the following spells:

 Spells                   Type           Power      Damage    Failure   Level
 Sting                    Tmut/Pois      0%         1d3       100%        1
 Poisonous Vapours        Pois/Air       0%         N/A       100%        2
 Static Discharge         Conj/Air       0%         N/A       100%        2
 Ozocubu's Armour         Ice            0%         N/A       100%        3
 Dispel Undead            Necr           0%         3d6       100%        4
 Olgreb's Toxic Radiance  Pois           0%         N/A       100%        4
 Sticky Flame             Conj/Fire      0%         2d3       100%        4
 Ozocubu's Refrigeration  Ice            0%         4d5       100%        7


Dungeon Overview and Level Annotations

Branches:
Dungeon (12/15)            Temple (1/1) D:5            Lair (0/6) D:9
    Orc (0/2) D:9           IceCv (visited)

Altars:
Ashenzari
Cheibriados
Elyvilon
Hepliaklqana
Kikubaaqudgha
Nemelex Xobeh
Sif Muna
Trog
Uskayaw
Vehumet
Xom
Yredelemnul
The Shining One

Shops:
D:3 ==:   D:6 [   D:10 ?

Portals:
Trove: D:11 (give +7 demon trident)

Annotations:
D:9 2 transporters, firemarshallily's ghost, novice MiGl
D:12 Nessos


Innate Abilities, Weirdness & Mutations

Your life essence is reduced to manifest your ancestor. (-10% HP)
You have a pair of horns on your head.
You reflexively headbutt those who attack you in melee.


Message History

You slice the komodo dragon!! You headbutt the komodo dragon.
You kill the komodo dragon!
You see here a komodo dragon corpse.
Okay, then.
Found a potion of curing.
Nessos the Markscentaur comes into view.
Found a buckler.
Nessos shouts!
Nessos mumbles some strange words.
Nessos blinks!
A five-headed hydra comes into view.
The five-headed hydra roars!
Nessos wields a +1 longbow of flaming.
It bursts into flame!
Nessos shoots an arrow.
The arrow hits you! The arrow burns you.
You are poisoned.
Nessos shoots an arrow.
The arrow hits you!! The arrow burns you.
You feel very sick.
Nessos casts a spell.
Nessos seems to speed up.
You don't know any spells.
Press: ? - help, . - travel You can't see that place.
As you read the scroll of teleportation, it crumbles to dust.
You feel strangely unstable.
You feel very sick.
Nessos shoots an arrow.
The arrow hits you but does no damage.
Nessos shoots an arrow.
The arrow hits you!! The arrow burns you.
You are more poisoned.
You hear a shout!
You swap places.
* * * LOW HITPOINT WARNING * * *
You feel extremely sick.
Nessos mumbles some strange words.
Nessos blinks!
Nessos shoots an arrow.
The arrow hits you!
* * * LOW HITPOINT WARNING * * *
The arrow burns you.
You are more poisoned.
* * * LOW HITPOINT WARNING * * *
Nessos shoots an arrow.
The arrow hits you!
You die...

..# ##########[.#
.........ยง.. .......!...
.........c#
..........###############
.........................
.....D.R@................
#########################


You could see the friendly Kayla the knight, Nessos (fast) and a five-headed
hydra.

Vanquished Creatures
  Harold (D:11)
  A boulder beetle (D:11)
  2 ironbound frosthearts (IceCv)
  3 two-headed ogres
  3 death yaks (IceCv)
  A tengu warrior (D:10)
  The ghost of dranuc9 the Destroyer, a journeyman DECj of Sif Muna (D:11)
  2 kobold demonologists (D:11)
  A komodo dragon (D:12)
  Maggie (D:6)
  An ice devil (D:11)
  7 polar bears (IceCv)
  A hornet (D:8)
  2 wyverns
  26 yaks
  A basilisk (D:11)
  A steam dragon (D:7)
  2 vampire mosquitoes (D:10)
  An acid dragon (D:9)
  6 orc warriors
  3 water moccasins
  A sky beast (D:7)
  A hornet zombie (D:8)
  10 wolves (IceCv)
  7 centaurs
  3 ogres
  5 kobold brigands
  A bullfrog (D:8)
  3 scorpions
  A water moccasin zombie (D:5)
  2 water moccasin skeletons
  11 wights
  7 howler monkeys
  4 electric eels (D:9)
  3 centaur zombies
  A jelly (D:5)
  2 gnoll shamans (D:5)
  7 orc priests
  Crazy Yiuf (D:4)
  A centaur skeleton (D:5)
  3 hounds
  2 bullfrog skeletons
  5 iguanas
  Terence (D:3)
  9 orc wizards
  A killer bee zombie (D:6)
  7 gnolls (D:5)
  6 adders
  2 white imps
  An adder skeleton (D:4)
  A worm (D:3)
  5 dart slugs
  34 orcs
  8 bats
  5 endoplasms
  3 giant cockroaches
  7 goblins
  6 hobgoblins
  4 jackals (D:2)
  6 quokkas
  6 ball pythons
  2 frilled lizards
  9 kobolds
  5 rats
276 creatures vanquished.

Vanquished Creatures (collateral kills)
  4 death yaks (IceCv)
  A tengu warrior (D:10)
  An ice statue (IceCv)
  An ice devil (D:11)
  3 polar bears (IceCv)
  10 yaks
  2 vampire mosquitoes (D:10)
  A black bear (D:7)
  A sky beast (D:7)
  8 wolves (IceCv)
  4 kobold brigands (D:11)
  A gnoll sergeant (D:10)
  A howler monkey (D:10)
  4 wights
  An electric eel (D:9)
  An orc priest (D:9)
  2 orc wizards (D:9)
  4 gnolls (D:10)
  8 orcs
  A kobold (D:8)
59 creatures vanquished.

Vanquished Creatures (others)
  2 knights
  An ancestor (D:8)
  2 orcs (D:9)
  4 fungi (D:4)
9 creatures vanquished.

Grand Total: 344 creatures vanquished

Notes
Turn   | Place    | Note
-------+----------+-------------------------------------------
     0 | D:1      | cbfl8 the Minotaur Fighter began the quest for the Orb.
     0 | D:1      | Reached XP level 1. HP: 19/19 MP: 0/0
   110 | D:1      | Reached XP level 2. HP: 25/27 MP: 1/1
   451 | D:1      | Reached skill level 3 in Axes
   502 | D:1      | Reached XP level 3. HP: 33/33 MP: 2/2
   511 | D:1      | Found a faded altar of an unknown god.
  1103 | D:2      | Reached XP level 4. HP: 40/40 MP: 3/3
  1224 | D:3      | Found Obbengill's Jewellery Shoppe.
  1232 | D:3      | Found Myts's Jewellery Shoppe.
  1240 | D:3      | Reached skill level 4 in Axes
  1289 | D:3      | Found Abby's Book Shoppe.
  1337 | D:3      | Reached XP level 5. HP: 40/46 MP: 4/4
  1632 | D:3      | Noticed Terence
  1646 | D:3      | Killed Terence
  1919 | D:4      | Reached skill level 5 in Axes
  1919 | D:4      | Reached skill level 1 in Dodging
  2122 | D:4      | Reached skill level 5 in Shields
  2122 | D:4      | Reached XP level 6. HP: 53/53 MP: 5/5
  2503 | D:4      | Found a runed translucent door.
  2504 | D:4      | Noticed Crazy Yiuf
  2512 | D:4      | Killed Crazy Yiuf
  2585 | D:5      | Entered Level 5 of the Dungeon
  2604 | D:5      | Reached skill level 6 in Axes
  2793 | D:5      | Reached skill level 1 in Evocations
  2793 | D:5      | Reached XP level 7. HP: 48/60 MP: 6/6
  2818 | D:5      | Found a staircase to the Ecumenical Temple.
  3113 | D:5      | Reached skill level 5 in Armour
  3165 | D:5      | Reached skill level 7 in Axes
  3214 | D:5      | Reached skill level 5 in Fighting
  3289 | D:5      | Reached skill level 8 in Axes
  3306 | D:5      | Reached XP level 8. HP: 68/68 MP: 7/7
  4092 | D:6      | Reached skill level 9 in Axes
  4186 | Temple   | Entered the Ecumenical Temple
  4301 | Temple   | Became a worshipper of Hepliaklqana the Forgotten
  4405 | D:6      | Found Zuzatul's Antique Armour Shop.
  4477 | D:6      | Noticed Maggie
  4502 | D:6      | Killed Maggie
  4877 | D:7      | Reached XP level 9. HP: 54/79 MP: 8/8
  4994 | D:7      | Reached * piety under Hepliaklqana
  5065 | D:7      | Reached skill level 10 in Axes
  5718 | D:8      | Reached skill level 5 in Evocations
  5721 | D:8      | Noticed a two-headed ogre
  5738 | D:8      | Killed a two-headed ogre
  5866 | D:8      | Reached XP level 10. HP: 70/81 MP: 9/9
  5872 | D:8      | Reached skill level 11 in Axes
  5873 | D:8      | Reached ** piety under Hepliaklqana
  5894 | D:8      | Remembered your ancestor Kayla as a knight
  6600 | D:9      | Reached skill level 10 in Fighting
  6802 | D:9      | Noticed a two-headed ogre
  6812 | D:9      | Killed a two-headed ogre
  7040 | D:9      | Reached skill level 12 in Axes
  7114 | D:9      | Found a transporter.
  7121 | D:9      | Noticed firemarshallily's ghost (novice MiGl)
  7121 | D:9      | Noticed a moth of wrath
  7132 | D:9      | Found a transporter.
  7339 | D:9      | Found a bloodstained altar of Trog.
  7369 | D:9      | Found a radiant altar of Vehumet.
  7638 | D:9      | Found a broken altar of Ashenzari.
  7888 | D:9      | Found a staircase to the Orcish Mines.
  8025 | D:9      | Found a shimmering blue altar of Sif Muna.
  8033 | D:9      | Found a staircase to the Lair.
  8228 | D:10     | Entered Level 10 of the Dungeon
  8255 | D:10     | Reached XP level 11. HP: 72/90 MP: 10/10
  8621 | D:10     | Found Ogyosusm's Magic Scroll Shop.
  8626 | D:10     | Bought a scroll of identify for 28 gold pieces
  8885 | D:10     | Noticed a tengu warrior
  8885 | D:10     | Noticed a tengu warrior
  8893 | D:10     | Killed a tengu warrior
  8895 | D:10     | Killed a tengu warrior
  8896 | D:10     | Reached skill level 13 in Axes
  9281 | D:11     | Found a portal to a secret trove of treasure.
  9342 | D:11     | Noticed Harold
  9352 | D:11     | Noticed a two-headed ogre
  9355 | D:11     | Killed Harold
  9360 | D:11     | Killed a two-headed ogre
  9406 | D:11     | Reached *** piety under Hepliaklqana
  9487 | D:11     | Found a frozen archway.
  9514 | IceCv    | Entered an ice cave
  9927 | IceCv    | Reached XP level 12. HP: 83/101 MP: 11/11
 10015 | IceCv    | Reached skill level 14 in Axes
 10146 | IceCv    | Noticed a death yak
 10186 | IceCv    | Killed a death yak
 10223 | IceCv    | Reached skill level 10 in Armour
 10232 | IceCv    | Noticed a death yak
 10232 | IceCv    | Noticed a death yak
 10232 | IceCv    | Noticed a death yak
 10243 | IceCv    | Killed a death yak
 10245 | IceCv    | Killed a death yak
 10248 | IceCv    | Killed a death yak
 10411 | IceCv    | Noticed a death yak
 10411 | IceCv    | Noticed an ironbound frostheart
 10411 | IceCv    | Noticed an ironbound frostheart
 10412 | IceCv    | Noticed a death yak
 10453 | IceCv    | Killed a death yak
 10512 | IceCv    | Killed an ironbound frostheart
 10693 | IceCv    | Killed an ironbound frostheart
 10694 | IceCv    | Reached skill level 15 in Axes
 10699 | IceCv    | Noticed a death yak
 10704 | IceCv    | Killed a death yak
 10708 | IceCv    | Killed a death yak
 10748 | IceCv    | Identified the +9 halberd of Leagh {spect, *Noise Str+6}
 11150 | D:11     | Noticed a boulder beetle
 11215 | D:11     | Killed a boulder beetle
 11367 | D:11     | Found a runed translucent gate.
 11367 | D:11     | Found a runed translucent gate.
 11367 | D:11     | Found a runed translucent gate.
 11370 | D:11     | Noticed dranuc9's ghost (journeyman DECj)
 11699 | D:11     | Killed dranuc9's ghost
 11700 | D:11     | Reached XP level 13. HP: 49/111 MP: 12/12
 12029 | D:12     | Noticed Nessos
 12033 | D:12     | Shot with an arrow by Nessos

Illustrated notes

Levels and vault maps discovered:
D:1:      minmay_arrival_wavy_path, layout_rooms,
          chequers_ecumenical_altar_grove, minmay_statues_item,
          chequers_serial_rivers_micro_a
D:2:      layout_basic, st_stairs_6, grunt_ministairs_8
D:3:      layout_basic, serial_shops,
          nicolae_shop_temple_entry_statues_fountains,
          nicolae_shop_hallway_plus, shop, hangedman_decor_diamond_cutter,
          kennysheep_generic_room_3, uniq_terence
D:4:      layout_basic, kennysheep_big_empty_room, uniq_crazy_yiuf_cottage
D:5:      layout_basic, minmay_temple_entry_from_below_a,
          kennysheep_generic_room_14
D:6:      layout_gridville, serial_shops, shop, uniq_maggie
D:7:      layout_gridville, nicolae_concentric_dashed_squares_wild
D:8:      layout_basic, minmay_liquid_box
D:9:      layout_basic, nicolae_overflow_quartered_altars, lair_entry_dummy,
          erik_orc_2, gammafunk_ghost_berserking_beasts, minivault_26
D:10:     layout_basic, serial_shops, nicolae_shop_hallway_plus,
          hex_intersection
D:11:     layout_big_octagon, portal_ice_cave_demonic_guard,
          nicolae_trove_entry_diagonal, gammafunk_ghost_nasty_kobolds,
          chequers_serial_rivers_small_3, uniq_harold
D:12:     layout_long_grid, tso_metal_star, uniq_nessos
Temple:   dpeg_five_rooms_temple

Skill      XL: |  1  2  3  4  5  6  7  8  9 10 11 12 |
---------------+-------------------------------------+-----
Shields        | 4 5 6 7 |  7.1
Armour         | 4 5 6 7 9 10 | 10.9
Axes           | 3 4 5 6 8 9 10 12 13 15 | 15.7
Fighting       | 4 5 7 8 10 12 14 | 14.0
Dodging        | 1 2 3 |  3.0
Evocations     | 1 2 3 5 6 7 8 |  8.6
Stealth        | |  0.8

Action                   |  1- 3 |  4- 6 |  7- 9 | 10-12 | 13-15 || total
-------------------------+-------+-------+-------+-------+-------++-------
Melee: War axe           |    99 |   110 |   228 |   160 |       ||   597
       Headbutt          |    10 |    24 |    55 |    97 |     2 ||   188
       Battleaxe         |       |       |       |   293 |     2 ||   295
Invok: Ancestor Identity |       |       |     1 |       |       ||     1
       Recall Ancestor   |       |       |       |     1 |       ||     1
       Ancestor Life: Kn |       |       |       |     1 |       ||     1
Evoke: Wand              |       |       |       |    20 |       ||    20
  Use: Potion            |       |     1 |     3 |    12 |     1 ||    17
       Scroll            |       |       |       |    13 |     1 ||    14
 Stab: Distracted        |       |       |       |     2 |       ||     2
Armor: Scale mail        |    58 |    20 |       |       |       ||    78
       Chain mail        |       |    29 |   108 |   157 |       ||   294
       Skin              |       |       |     5 |    26 |       ||    31
       Crystal plate arm |       |       |       |   151 |     3 ||   154
Dodge: Dodged            |    69 |    33 |    78 |   191 |     1 ||   372
Block: Buckler           |    33 |    34 |    53 |    53 |       ||   173
